 Dungeon Crawl Stone Soup version 0.28-a0-773-g130ae17fe5 (webtiles) character file.

Game seed: 9416053896733609108

112 swuauws the Skirmisher (level 4, -2/49 HPs)
             Began as an Ogre Berserker on Nov 1, 2021.
             Was a Believer of Trog.
             Slain by a gnoll (13 damage)
             ... on level 2 of the Dungeon.
             The game lasted 00:25:37 (2305 turns).

swuauws the Skirmisher (Ogre Berserker)             Turns: 2305, Time: 00:25:38

Health: -2/49      AC:  3    Str: 22    XL:     4   Next: 93%
Magic:  4/4        EV: 11    Int:  8    God:    Trog [**....]
Gold:   142        SH:  0    Dex: 14    Spells: 3/3 levels left

rFire   . . .      SeeInvis .   g - +2 short sword (venom)
rCold   . . .      Faith    .   (no shield)
rNeg    . . .      Spirit   .   b - +0 animal skin
rPois   .          Reflect  .   (helmet restricted)
rElec   .          Harm     .   (no cloak)
rCorr   .          Rampage  .   (gloves unavailable)
Will    .....                   (boots unavailable)
Stlth   +.........              (no amulet)
HPRegen 0.16/turn               c - +6 ring of dexterity
MPRegen 0.09/turn               (no ring)

@: no status effects
A: large, unfitting armour, tough skin 1
a: Renounce Religion, Berserk, Trog's Hand


You were on level 2 of the Dungeon.
You worshipped Trog.
Trog was pleased with you.
You visited 1 branch of the dungeon, and saw 2 of its levels.

You collected 142 gold pieces.

Inventory:

Hand Weapons
 a - a +0 spear
 d - a +0 club
 g - a +2 short sword of venom (weapon)
Missiles
 h - 62 stones (quivered)
 l - 25 arrows
Armour
 b - a +0 animal skin (worn)
Jewellery
 c - a +6 ring of dexterity (left hand)
Scrolls
 j - a scroll of holy word {unknown}
Potions
 e - a potion of attraction
 f - a potion of lignification
 i - a potion of mutation {unknown}


   Skills:
 + Level 4.9 Fighting
 + Level 0.6 Short Blades
 + Level 4.0 Polearms
 + Level 3.4 Dodging
 + Level 0.4 Stealth


You had 3 spell levels left.
You didn't know any spells.
Your spell library was empty.

Dungeon Overview and Level Annotations

Branches:
Dungeon (2/15)

Altars:


Innate Abilities, Weirdness & Mutations

You are too large for most types of armour.
You have tough skin. (AC +1)


Message History

You hit the gnoll.
The gnoll looks as sick as possible!
The gnoll is severely wounded.
The gnoll hits you with a +0 whip. The gnoll closely misses you. x2
You closely miss the gnoll.
The gnoll is almost dead.
You kill the gnoll!
Trog accepts your kill. The gnoll barely misses you.
Your Polearms skill increases to level 4!
You hit the gnoll.
The gnoll is poisoned.
The gnoll is moderately wounded.
The gnoll barely misses you.
You completely miss the gnoll.
The gnoll is moderately wounded.
The gnoll hits you with a +0 whip.
You closely miss the gnoll.
The gnoll is moderately wounded.
The gnoll barely misses you.
You barely miss the gnoll.
The gnoll is heavily wounded.
The gnoll hits you with a +0 whip.
You hit the gnoll.
The gnoll is almost dead.
The gnoll hits you with a +0 whip.
You puncture the gnoll!
You kill the gnoll!
Trog accepts your kill.
You hit the gnoll.
The gnoll is poisoned.
The gnoll is moderately wounded.
The gnoll hits you with a +0 club.
The gnoll hits you from afar with a +0 halberd!
* * * LOW HITPOINT WARNING * * *
You kill the gnoll!
Trog accepts your kill.
Okay, then.
The gnoll misses you.
The gnoll hits you from afar with a +0 halberd!
* * * LOW HITPOINT WARNING * * *
The gnoll hits you with a +0 halberd!
You die...

#....#..###########
#....#..# #......#
######'###g.# #.####.#
#### #........#..# #.#
#.# #... #.##.#......#
#.####.# #.##
#.##.......#####.#....#
#.#.
#................#.#####
#.#.
###......########g.#...#
#.#.
#.............@..#...#
#.#.
#......########..#.#.#
#.#. ##.....#
######....#.# #.#.
#.....# #..).#......#
#.#. #.>...#
#.##.############ #.##
###'### #.##.# #........
#.#. #.# #.##.#
#.####### #.## #.#
#.##.####.# #... #.#
#.##......# ####


You could see a gnoll.

Vanquished Creatures
  3 gnolls (D:2)
  2 adders (D:2)
  A worm (D:2)
  2 dart slugs (D:1)
  6 ball pythons
  4 endoplasms
  2 giant cockroaches (D:1)
  3 hobgoblins
  8 jackals
  2 quokkas
  2 bats (D:1)
  4 frilled lizards
  3 goblins (D:1)
  9 kobolds
  5 rats
  2 bushes (D:1)
58 creatures vanquished.

Vanquished Creatures (others)
  4 plants (D:1)
4 creatures vanquished.

Grand Total: 62 creatures vanquished

Notes
Turn   | Place    | Note
-------+----------+-------------------------------------------
     0 | D:1      | swuauws the Ogre Berserker began the quest for the Orb.
     0 | D:1      | Reached XP level 1. HP: 24/24 MP: 1/1
   130 | D:1      | Reached XP level 2. HP: 24/32 MP: 2/2
   508 | D:1      | You fall into a shaft and drop 1 floor!
   516 | D:2      | Reached XP level 3. HP: 35/40 MP: 3/3
   698 | D:2      | Reached ** piety under Trog
  1460 | D:1      | Reached XP level 4. HP: 49/49 MP: 4/4
  1668 | D:1      | Found a faded altar of an unknown god.
  2305 | D:2      | Slain by a gnoll

Illustrated notes

Levels and vault maps discovered:
D:1:      dpeg_arrival_ratfight, layout_loops_ring, serial_forest,
          infiniplex_forest_end_double, infiniplex_forest_end_2,
          infiniplex_forest_clump_curved, infiniplex_forest_lined_1,
          infiniplex_forest_fountain, infiniplex_forest_diagonal,
          infiniplex_forest_lined_1, infiniplex_forest_end_3,
          infiniplex_forest_clump_C, infiniplex_forest_clump_long,
          hellmonk_ecumenical_altar_prayer_group, minmay_split_cup_large
D:2:      layout_basic

Skill      XL: |  1  2  3  4 |
---------------+-------------+-----
Dodging        | 3 |  3.4
Polearms       | 4 |  4.0
Fighting       | |  4.9
Short Blades   | |  0.6
Stealth        | |  0.4

Action                   |  1- 3 |  4- 6 || total
-------------------------+-------+-------++-------
Melee: Spear             |   240 |       ||   240
       Short sword       |    10 |    79 ||    89
Throw: Stone             |     2 |       ||     2
  Use: Scroll            |     3 |     2 ||     5
 Stab: Sleeping          |     1 |     1 ||     2
Armor: Animal skin       |    28 |    13 ||    41
Dodge: Dodged            |    58 |    24 ||    82

Table legend: (Time is in decaauts)
 A = Elapsed time spent in this place.
 B = Non-inter-level travel time spent in this place.
 C = Inter-level travel time spent in this place.
 D = Time resting spent in this place.
 E = Time spent auto-exploring this place.
 F = Levels seen in this place.
 G = Mean time per level.
                   A        B        C        D        E       F      G
               +--------+--------+--------+--------+--------+-----+--------+
         Total |   2298 |   2298 |      0 |    543 |      0 |   2 | 1149.0 |
       Dungeon |   2298 |   2298 |      0 |    543 |      0 |   2 | 1149.0 |
               +--------+--------+--------+--------+--------+-----+--------+

Top non-repeatable levels by time:
     D:1: 1491 daAuts
     D:2: 807 daAuts
